 Dungeon Crawl Stone Soup version 0.27.1-4-g1640c2035a (webtiles) character file.

Game seed: 1138847073534808334

40 Nixze the Insei (level 3, 0/23 HPs)
             Began as an Octopode Transmuter on Nov 17, 2021.
             Was a Follower of Okawaru.
             Slain by a frilled lizard (1 damage)
             ... on level 1 of the Dungeon.
             The game lasted 00:03:32 (1940 turns).

Nixze the Insei (Octopode Transmuter)               Turns: 1940, Time: 00:03:33

Health: 0/23       AC:  1    Str: 10    XL:     3   Next: 50%
Magic:  6/6        EV: 13    Int: 15    God:    Okawaru [*.....]
Gold:   61         SH:  0    Dex: 12    Spells: 5/6 levels left

rFire    . . .     SeeInvis .     - Unarmed
rCold    . . .     Faith    .   (no shield)
rNeg     . . .     Spirit   .   (helmet restricted)
rPois    .         Reflect  .   (no amulet)
rElec    .         Harm     .   (no ring)
rCorr    .         Rampage  .   (no ring)
Will     .....                  (no ring)
Stlth    ++........             (no ring)
HPRegen  0.07/turn              (no ring)
MPRegen  0.10/turn              (no ring)
                                (no ring)
                                (no ring)

@: no status effects
A: almost no armour, amphibious, 8 rings, camouflage 1, gelatinous body 1,
(nimble swimmer 1), tentacles
a: Renounce Religion, Heroism


You were on level 1 of the Dungeon.
You worshipped Okawaru.
Okawaru was aware of your devotion.
You visited 1 branch of the dungeon, and saw 2 of its levels.

You collected 61 gold pieces.

Inventory:

Missiles
 c - a throwing net
Scrolls
 a - a scroll of teleportation {unknown}
 g - a scroll of amnesia {unknown}
 h - a scroll of holy word {unknown}
Potions
 b - a potion of invisibility {unknown}
 d - a potion of ambrosia {unknown}
 e - a potion of might {unknown}
 f - a potion of cancellation {unknown}


   Skills:
 - Level 1.0 Fighting
 - Level 2.0 Dodging
 + Level 4.4 Unarmed Combat
 - Level 2.0 Spellcasting
 - Level 2.0 Transmutations


You had 5 spell levels left.
You knew the following spells:

 Your Spells              Type           Power      Damage    Failure   Level
a - Beastly Appendage     Tmut           14%        N/A       10%         1

Your spell library contained the following spells:

 Spells                   Type           Power      Damage    Failure   Level
 Wereblood                Tmut           7%         N/A       14%         2
 Spider Form              Tmut/Pois      2%         N/A       41%         3
 Ice Form                 Ice/Tmut       4%         N/A       82%         4


Dungeon Overview and Level Annotations

Branches:
Dungeon (2/15)

Altars:
Okawaru

Annotations:
D:2 Robin


Innate Abilities, Weirdness & Mutations

You cannot wear most types of armour.
You are amphibious.
You can wear up to eight rings at the same time.
Your skin changes colour to match your surroundings (Stealth+).
Your rubbery body absorbs attacks. (AC +1, EV +1)
((You are camouflaged near water. (Stealth+)))
You have tentacles for arms and can constrict up to eight enemies at once.


Message History

You release your grip on the hobgoblin.
You release your grip on the adder.
The adder misses you.
You see here a hobgoblin corpse.
The adder misses you. The adder bites you.
* * * LOW HITPOINT WARNING * * *
Your transformation is almost over.
The rat twitches its whiskers.
You closely miss the goblin. Your grab misses the goblin.
You pierce the goblin.
You kill the goblin!
Okawaru accepts your kill.
Robin roars a battlecry!
Your tentacle spike disappears.
Unknown command.
Unknown command.
A frilled lizard comes into view.
The frilled lizard hisses angrily.
The frilled lizard unfolds its giant frill.
The rat twitches its whiskers.
The frilled lizard closely misses you. The frilled lizard barely misses you.
The frilled lizard barely misses you.
Robin roars a battlecry!
The rat closely misses you.
Robin roars a battlecry!
The rat twitches its whiskers.
The adder bites you.
* * * LOW HITPOINT WARNING * * *
There is a stone staircase leading up here.
The frilled lizard misses you. The adder bites you.
* * * LOW HITPOINT WARNING * * *
You climb upwards.
There is a stone staircase leading down here.
You are too injured to fight recklessly!
You closely miss the frilled lizard. Your grab misses the frilled lizard.
The frilled lizard bites you.
* * * LOW HITPOINT WARNING * * *
You miss the frilled lizard. Your grab misses the frilled lizard.
The frilled lizard bites you.
You die...

#.# #.......#.###.#..#.#####
#.# #.#.###.#.# #.#..#......
#.# #.#+###.#.# #.#..#######
#.# #.......#.# #.#.........
##.####.......#.# #.#...#.....
#.....'.......#.# #.#...#.....
#######......>#.# #.#...#.....
#.....#.#####l#.# #.#...#.....
##..#.#.#####@#.# #.#.#.#.....
#..#.#.....#.#.# #.#.#.#.....
##..#.#####.#.#.# #)#.........
#...#.#.....#.#.###.#.#.......
###.#.###.#.#.......#.#.......
#.#.# #.#####.#####.#..####.
#.#.###.#..............# #†
#.....#.#.###..........####.
###.....#.# #.............+.


You could see a frilled lizard.

Vanquished Creatures
  A worm (D:2)
  3 dart slugs
  6 bats
  An endoplasm (D:2)
  5 goblins
  2 hobgoblins
  3 jackals (D:1)
  6 ball pythons
  A rat (D:1)
28 creatures vanquished.

Notes
Turn   | Place    | Note
-------+----------+-------------------------------------------
     0 | D:1      | Nixze the Octopode Transmuter began the quest for the Orb.
     0 | D:1      | Reached XP level 1. HP: 13/13 MP: 3/3
   341 | D:1      | Reached XP level 2. HP: 18/18 MP: 5/5
   641 | D:1      | Reached skill level 4 in Unarmed Combat
  1119 | D:1      | Found a faded altar of an unknown god.
  1237 | D:1      | Became a worshipper of Warmaster Okawaru
  1237 | D:1      | Reached * piety under Okawaru
  1291 | D:2      | Reached XP level 3. HP: 20/23 MP: 6/6
  1888 | D:2      | Noticed Robin
  1939 | D:1      | HP: 1/23 [frilled lizard (2)]
  1940 | D:1      | Slain by a frilled lizard

Illustrated notes

Levels and vault maps discovered:
D:1:      dpeg_arrival_leaves_temple_mockup, layout_basic,
          dreamdust_ecumenical_altar_hidden_monk_grotto
D:2:      layout_basic, uniq_robin

Skill      XL: |  1  2 |
---------------+-------+-----
Unarmed Combat | 4 |  4.4
Fighting       | |  1.0
Dodging        | |  2.0
Spellcasting   | |  2.0
Transmutations | |  2.0

Action                   || total
-------------------------++-------
Melee: Unarmed           ||    56
       Constrict         ||    15
       Tentacles         ||     9
       Kick              ||    10
       Punch             ||     2
 Cast: Beastly Appendage ||    14
 Stab: Sleeping          ||     8
Armor: Skin              ||     2
Dodge: Dodged            ||    38
